[Event "Fagernes GM Open Autumn 2024"]
[Site "Fagernes"]
[Date "2024.10.09"]
[Round "5.15"]
[White "Wallace, John Paul"]
[Black "Gudbrandsen, Gustav"]
[Result "1-0"]
[ECO "C11"]
[WhiteElo "2373"]
[BlackElo "2197"]
[Annotator "RC"]
[PlyCount "49"]
[EventDate "2024.10.03"]
[EventType "swiss"]
[EventCountry "NOR"]
[SourceTitle "playchess.com"]
[Source "ChessBase"]
[SourceQuality "1"]
[TimeControl "40/6000:2400+30"]

1. e4 e6 2. d4 d5 3. Nc3 Nf6 4. e5 Nfd7 5. f4 c5 6. Nf3 Nc6 7. Be3 a6 8. Ne2 Qb6 9. Qc1 g5 10. fxg5 cxd4 11. Nexd4 Ncxe5 12. Be2 Bc5 13. c3 Nxf3+ 14. Bxf3 Ne5 15. O-O a5 16. Kh1 Nxf3 17. Rxf3 Bd7 18. Nc2 O-O-O 19. Rxf7 Rdf8 20. Rf6 Rxf6 21. gxf6 Bxe3 22. Qxe3 d4 23. Qxd4 Qxb2 24. f7 Rd8 25. f8=Q 1-0

[Event "Fagernes GM Open Autumn 2024"]
[Site "Fagernes"]
[Date "2024.10.09"]
[Round "5.16"]
[White "Vijayakumar, Rishi"]
[Black "Kanyamarala, Tarun"]
[Result "0-1"]
[ECO "D45"]
[WhiteElo "2172"]
[BlackElo "2369"]
[Annotator "RC"]
[PlyCount "80"]
[EventDate "2024.10.03"]
[EventType "swiss"]
[EventCountry "NOR"]
[SourceTitle "playchess.com"]
[Source "ChessBase"]
[SourceQuality "1"]
[TimeControl "40/6000:2400+30"]

1. d4 Nf6 2. c4 e6 3. Nf3 d5 4. Nc3 c6 5. e3 Nbd7 6. Qc2 Bd6 7. g4 h6 8. Bd2 a6 9. Rg1 dxc4 10. g5 hxg5 11. Nxg5 Qe7 12. e4 e5 13. Bxc4 Rf8 14. d5 Nb6 15. Bb3 cxd5 16. exd5 g6 17. Nge4 Nxe4 18. Nxe4 Bf5 19. Ba4+ Nxa4 20. Qxa4+ b5 21. Nxd6+ Qxd6 22. Qb3 Rh8 23. Bb4 Qd7 24. d6 Rc8 25. Qe3 f6 26. Rc1 Rh4 27. Rxc8+ Qxc8 28. Qb3 Be6 29. Qc3 Rxb4 30. Rxg6 Re4+ 31. Kd2 Rd4+ 32. Ke3 Qxc3+ 33. bxc3 Rxd6 34. Rxf6 Ke7 35. Rh6 Bxa2 36. Rh7+ Bf7 37. h4 a5 38. h5 a4 39. Rh8 Rd8 40. Rh6 Ra8 0-1

[Event "Fagernes GM Open Autumn 2024"]
[Site "Fagernes"]
[Date "2024.10.09"]
[Round "5.17"]
[White "Oye-Stromberg, Alexander"]
[Black "Namitbir Singh Walia"]
[Result "1/2-1/2"]
[ECO "C78"]
[WhiteElo "2248"]
[BlackElo "2351"]
[Annotator "RC"]
[PlyCount "45"]
[EventDate "2024.10.03"]
[EventType "swiss"]
[EventCountry "NOR"]
[SourceTitle "playchess.com"]
[Source "ChessBase"]
[SourceQuality "1"]
[TimeControl "40/6000:2400+30"]

1. e4 e5 2. Nf3 Nc6 3. Bb5 a6 4. Ba4 Nf6 5. O-O b5 6. Bb3 Bc5 7. c3 d6 8. a4 Rb8 9. d4 Bb6 10. a5 Ba7 11. h3 Bb7 12. Be3 Nxe4 13. d5 Bxe3 14. dxc6 Nxf2 15. Qe2 Nxh3+ 16. Kh1 Nf2+ 17. Rxf2 Bxf2 18. cxb7 Ba7 19. Bd5 Qd7 20. Nd4 Qe7 21. Nf3 Qd7 22. Nd4 Qe7 23. Nf3 1/2-1/2

[Event "Fagernes GM Open Autumn 2024"]
[Site "Fagernes"]
[Date "2024.10.09"]
[Round "5.18"]
[White "Carlsson, Ludvig"]
[Black "Gaikwad, Siddhant"]
[Result "1-0"]
[ECO "E92"]
[WhiteElo "2334"]
[BlackElo "2039"]
[Annotator "RC"]
[PlyCount "125"]
[EventDate "2024.10.03"]
[EventType "swiss"]
[EventCountry "NOR"]
[SourceTitle "playchess.com"]
[Source "ChessBase"]
[SourceQuality "1"]
[TimeControl "40/6000:2400+30"]

1. Nf3 Nf6 2. c4 g6 3. Nc3 Bg7 4. e4 d6 5. d4 O-O 6. Be2 e5 7. dxe5 dxe5 8. Qxd8 Rxd8 9. Bg5 Re8 10. Nd5 Nxd5 11. cxd5 c6 12. Bc4 cxd5 13. Bxd5 Nc6 14. O-O-O Bg4 15. Kb1 Rab8 16. Rc1 Nb4 17. Bc4 b5 18. Be2 f5 19. Ng1 Bxe2 20. Nxe2 Nd3 21. Rcf1 b4 22. Nc1 Nc5 23. exf5 gxf5 24. Nb3 Ne6 25. Be3 Rb7 26. Rd1 f4 27. Bc1 Rb5 28. Rhe1 a5 29. Rd6 a4 30. Rxe6 Rxe6 31. Nd4 Reb6 32. Nxb5 Rxb5 33. Re4 Kf7 34. b3 a3 35. Bd2 Bf8 36. f3 Bd6 37. Kc2 h5 38. Be1 Ke6 39. Rc4 Rb8 40. Kd3 Kd5 41. g3 fxg3 42. hxg3 Be7 43. Ke2 Ke6 44. Ke3 Kd5 45. Rc7 Bc5+ 46. Ke2 Bd6 47. Rc4 Be7 48. Bf2 Bd6 49. Rc1 Rb7 50. Rc8 Re7 51. Be1 Rb7 52. Rd8 Ke6 53. Re8+ Kd5 54. Rc8 Ke6 55. Kd3 Be7 56. Rc6+ Kd5 57. Rh6 Rc7 58. Bd2 h4 59. gxh4 Rd7 60. Rh7 Ke6+ 61. Ke2 Rd4 62. Be3 Rd8 63. Rxe7+ 1-0

[Event "Fagernes GM Open Autumn 2024"]
[Site "Fagernes"]
[Date "2024.10.09"]
[Round "5.19"]
[White "Sherman, Raem"]
[Black "Kaewpitakkun, Pantham"]
[Result "1-0"]
[ECO "B52"]
[WhiteElo "2390"]
[BlackElo "2023"]
[Annotator "TA"]
[PlyCount "54"]
[EventDate "2024.10.03"]
[EventType "swiss"]
[EventCountry "NOR"]
[SourceTitle "playchess.com"]
[Source "ChessBase"]
[SourceQuality "1"]
[TimeControl "40/6000:2400+30"]

1. e4 c5 2. Nf3 d6 3. Bb5+ Bd7 4. c4 Nf6 5. Nc3 g6 6. O-O Bg7 7. d4 cxd4 8. Nxd4 {[%emt 0:00:00] White has an edge.} O-O 9. Qd3 (9. Bxd7 $14 Qxd7 10. b3) 9... Nc6 10. Bxc6 Bxc6 (10... bxc6 $11 11. Rd1 c5) 11. b3 Nd7 12. Bb2 a6 13. Kh1 Qc7 14. f4 Rab8 ({Better is} 14... Nc5 $11 15. Qe3 Rae8) 15. Rae1 Rfe8 16. Nd5 Bxd5 17. exd5 Qc5 ({Black should try} 17... b5 $14) 18. Bc3 {[%emt 0:02:19] White is more active.} Bf8 $2 {[%emt 0:07:14][%mdl 8192] [#] This move loses the game for Black.} (18... Bf6 $16) 19. Re2 $2 (19. f5 {Strongly threatening fxg6.} g5 20. Qd2) 19... b5 (19... Nf6 {was called for.} 20. Bb2 Bg7) 20. Nc6 $18 Rb7 $2 (20... bxc4 21. bxc4 Qa3) 21. Rfe1 $2 (21. Bd4) 21... bxc4 (21... Nb6 $142) 22. bxc4 Nb6 23. Rb1 Rd7 (23... Nxd5 $142 24. Rxb7 Nxf4) 24. Rb4 {[%emt 0:10:20] [#] Bd4 is the strong threat.} Bg7 {[%emt 0:00:00] Threatens to win with ...Bxc3.} 25. Be1 {[%emt 0:03:19] Hoping for Bf2.} a5 26. Bf2 axb4 27. Bxc5 dxc5 {[%emt 0:00:09] Weighted Error Value: White=0.66/Black=0.68.  Loses game:     	---       	Black=1      Mistake:       	White=3     	Black=7      Inaccurate:     	White=4     	Black=2      OK:         	White=6     	Black=4      Best:        	---       	Black=1} 1-0

[Event "Fagernes GM Open Autumn 2024"]
[Site "Fagernes"]
[Date "2024.10.09"]
[Round "5.20"]
[White "Eliseev, Sergey"]
[Black "Mannion, Stephen R"]
[Result "1/2-1/2"]
[ECO "C42"]
[WhiteElo "2276"]
[BlackElo "2142"]
[Annotator "RC"]
[PlyCount "127"]
[EventDate "2024.10.03"]
[EventType "swiss"]
[EventCountry "NOR"]
[SourceTitle "playchess.com"]
[Source "ChessBase"]
[SourceQuality "1"]
[TimeControl "40/6000:2400+30"]

1. e4 e5 2. Nf3 Nf6 3. Nxe5 d6 4. Nf3 Nxe4 5. Nc3 Nxc3 6. dxc3 Be7 7. Bf4 O-O 8. Qd2 Nd7 9. O-O-O Nc5 10. Nd4 Re8 11. f3 Ne6 12. Be3 Bg5 13. f4 Bf6 14. Nf3 c6 15. g4 Qa5 16. Kb1 Nc5 17. Bxc5 dxc5 18. f5 Rd8 19. Qe1 Rxd1+ 20. Qxd1 Qd8 21. Bd3 b5 22. g5 Bxg5 23. Be4 Qxd1+ 24. Rxd1 Bf6 25. Bxc6 Rb8 26. Rd5 b4 27. c4 Rb6 28. Rxc5 Bxf5 29. Bd5 b3 30. axb3 Rxb3 31. Rb5 Rxb5 32. cxb5 g5 33. Kc1 g4 34. Nd2 Be5 35. Nf1 h5 36. Kd2 Bxb2 37. c3 Ba3 38. Ke3 Bc5+ 39. Kf4 Bd3 40. Ng3 Bxb5 41. Nxh5 Bd6+ 42. Kxg4 Be2+ 43. Kg5 Bxh5 44. Kxh5 Bxh2 45. Kg5 Be5 46. c4 Bd4 47. Kf5 Kf8 48. Ke4 Bg1 49. Bc6 Ke7 50. Kd5 Kd8 51. Ba4 Bh2 52. Bc2 Kc7 53. Kc5 Bg1+ 54. Kd5 Bh2 55. Kc5 Bg3 56. Be4 Bf2+ 57. Kd5 Kb6 58. Ke5 Bh4 59. Kd6 a5 60. c5+ Kb5 61. Bc6+ Kb4 62. Be8 f6 63. c6 Bg3+ 64. Ke6 1/2-1/2

[Event "Fagernes GM Open Autumn 2024"]
[Site "Fagernes"]
[Date "2024.10.09"]
[Round "5.21"]
[White "Sieber, Fiona"]
[Black "Kittilsen, Sigurd"]
[Result "1-0"]
[ECO "B34"]
[WhiteElo "2264"]
[BlackElo "1981"]
[Annotator "RC"]
[PlyCount "91"]
[EventDate "2024.10.03"]
[EventType "swiss"]
[EventCountry "NOR"]
[SourceTitle "playchess.com"]
[Source "ChessBase"]
[SourceQuality "1"]
[TimeControl "40/6000:2400+30"]

1. e4 c5 2. Nf3 Nc6 3. d4 cxd4 4. Nxd4 Nf6 5. Nc3 g6 6. Nxc6 bxc6 7. e5 Ng8 8. Bc4 Bg7 9. Qe2 Qa5 10. Bf4 d5 11. Bb3 Ba6 12. Qd2 e6 13. O-O-O Ne7 14. Kb1 O-O 15. Nxd5 Qd8 16. Nxe7+ Qxe7 17. Qd6 Qb7 18. h4 c5 19. Qxc5 Qxg2 20. Qe3 h5 21. Rhg1 Qb7 22. Bg5 Rab8 23. Rd4 Rfc8 24. Rgd1 Bc4 25. Rd7 Qb5 26. Qf4 Qxe5 27. Qxf7+ Kh8 28. Bc1 Bxb3 29. axb3 Qf6 30. Rxa7 Rf8 31. Qxf6 Bxf6 32. Rdd7 Rfd8 33. Rh7+ Kg8 34. Rh6 Bxh4 35. Rxg6+ Kh8 36. Bh6 Rg8 37. Bg7+ Rxg7 38. Rgxg7 Bxf2 39. Rh7+ Kg8 40. Rag7+ Kf8 41. Rf7+ Kg8 42. Rhg7+ Kh8 43. Rg5 Bd4 44. c3 Be3 45. Rxh5+ Kg8 46. Rf3 1-0

[Event "Fagernes GM Open Autumn 2024"]
[Site "Fagernes"]
[Date "2024.10.09"]
[Round "5.22"]
[White "Aamodt, Peder Marcus"]
[Black "Nagare Akhilesh"]
[Result "1/2-1/2"]
[ECO "B31"]
[WhiteElo "2126"]
[BlackElo "2245"]
[Annotator "RC"]
[PlyCount "182"]
[EventDate "2024.10.03"]
[EventType "swiss"]
[EventCountry "NOR"]
[SourceTitle "playchess.com"]
[Source "ChessBase"]
[SourceQuality "1"]
[TimeControl "40/6000:2400+30"]

1. e4 c5 2. Nf3 Nc6 3. Bb5 g6 4. O-O Bg7 5. c3 e5 6. d4 cxd4 7. cxd4 exd4 8. Bf4 Nge7 9. Bd6 O-O 10. Nbd2 a6 11. Bc4 b5 12. Bd5 Nxd5 13. Bxf8 Qxf8 14. exd5 Nb4 15. Nb3 Bb7 16. a3 Nxd5 17. Na5 Qb8 18. Qd2 d3 19. Nxb7 Qxb7 20. Rab1 b4 21. Qxd3 a5 22. Rfd1 Nf6 23. Ne5 d5 24. a4 Re8 25. Nf3 Qc6 26. Nd4 Qc4 27. Qxc4 dxc4 28. Nc6 Bh6 29. Rd4 c3 30. bxc3 bxc3 31. Rc4 Bd2 32. Nd4 Re4 33. Rc8+ Kg7 34. Nf3 Rxa4 35. Nxd2 cxd2 36. Rc2 Ne4 37. f3 Rb4 38. Ra1 Nd6 39. Rxd2 Nc4 40. Rda2 Rb5 41. Ra4 Ne3 42. Rxa5 Rb2 43. R5a2 Rb6 44. Re2 Nf5 45. Rd1 h5 46. g3 Rb3 47. Kf2 Ra3 48. Rd7 Rb3 49. Ra2 Rb4 50. h3 Rb3 51. Rad2 Rb4 52. g4 hxg4 53. hxg4 Nh6 54. Kg3 Rb8 55. Ra7 Rb5 56. Rdd7 g5 57. Ra6 Ng8 58. Rc7 Rd5 59. Kf2 Rb5 60. Ra3 Rb2+ 61. Ke3 Rb5 62. Kd3 Rd5+ 63. Kc4 Rd1 64. Rb7 Rc1+ 65. Kd4 Rd1+ 66. Ke3 Rd5 67. Ra6 Re5+ 68. Kd4 Re1 69. Rb5 f6 70. Rb7+ Ne7 71. Rbb6 Ng8 72. Kc5 Kf7 73. Rb7+ Ne7 74. Raa7 Re2 75. Kd6 Rd2+ 76. Kc7 Rd3 77. Kb6 Re3 78. Rc7 Re1 79. Rd7 Re3 80. Kc5 Re1 81. Ra8 Rc1+ 82. Kb5 Re1 83. Kc4 Rc1+ 84. Kb3 Rc6 85. Rh8 Ke6 86. Rd1 Ng6 87. Re8+ Kf7 88. Rb8 Rc7 89. Rd6 Ne5 90. Rbb6 Nd7 91. Ra6 Nc5+ 1/2-1/2

[Event "Fagernes GM Open Autumn 2024"]
[Site "Fagernes"]
[Date "2024.10.09"]
[Round "5.23"]
[White "Welling, Gerard"]
[Black "Gasland, Lukas Dominik"]
[Result "1/2-1/2"]
[ECO "A47"]
[WhiteElo "2206"]
[BlackElo "1905"]
[Annotator "RC"]
[PlyCount "150"]
[EventDate "2024.10.03"]
[EventType "swiss"]
[EventCountry "NOR"]
[SourceTitle "playchess.com"]
[Source "ChessBase"]
[SourceQuality "1"]
[TimeControl "40/6000:2400+30"]

1. d4 Nf6 2. Nf3 e6 3. e3 d5 4. Bd3 c5 5. c3 Be7 6. O-O O-O 7. Nbd2 b6 8. Qe2 Bb7 9. Ne5 Nbd7 10. f4 Ne4 11. Ndf3 f5 12. g4 Nxe5 13. Nxe5 Bd6 14. gxf5 exf5 15. Bd2 Rc8 16. Kh1 Rf6 17. Rg1 Rh6 18. Bxe4 fxe4 19. Ng4 Rg6 20. f5 Rg5 21. h4 Rh5 22. Nf6+ Qxf6 23. Qxh5 cxd4 24. cxd4 Rc2 25. Rg2 Rxb2 26. Rag1 Bf8 27. Be1 Rxg2 28. Rxg2 Bc8 29. Qg5 Qxg5 30. hxg5 Bxf5 31. Bg3 Be7 32. Bf4 Kf7 33. Rc2 Bd8 34. Rc6 Ke7 35. Kg2 Bd7 36. Rc1 Kf7 37. Kf2 Kg6 38. Be5 Kxg5 39. Bxg7 h5 40. Be5 h4 41. Bc7 Bf6 42. Bf4+ Kg4 43. Rc7 Bb5 44. Be5 Bxe5 45. dxe5 Kf5 46. Rxa7 Kxe5 47. Rh7 Bc4 48. a3 Kd6 49. Rxh4 Kc5 50. Rh8 Kb5 51. Ra8 Bb3 52. Ke2 Ba2 53. Kd2 Kc5 54. Kc3 Kc6 55. Kd4 Bc4 56. Kc3 Kb7 57. Rh8 Kc6 58. a4 Ba2 59. Rh2 Bc4 60. Kb4 Kb7 61. Rh6 Kc7 62. Kc3 Kb7 63. Rh1 Ka6 64. Kb4 Ba2 65. Ra1 Bc4 66. a5 bxa5+ 67. Rxa5+ Kb6 68. Rc5 Ba2 69. Rc2 Bc4 70. Rh2 Kc6 71. Rh6+ Kd7 72. Kc5 Ke7 73. Kd4 Kd7 74. Ke5 Kc7 75. Rd6 Bb3 1/2-1/2

[Event "Fagernes GM Open Autumn 2024"]
[Site "Fagernes"]
[Date "2024.10.09"]
[Round "5.24"]
[White "Southcott-Moyers, Indy"]
[Black "Sian, Shadi"]
[Result "1/2-1/2"]
[ECO "D35"]
[WhiteElo "2143"]
[BlackElo "2182"]
[Annotator "RC"]
[PlyCount "33"]
[EventDate "2024.10.03"]
[EventType "swiss"]
[EventCountry "NOR"]
[SourceTitle "playchess.com"]
[Source "ChessBase"]
[SourceQuality "1"]
[TimeControl "40/6000:2400+30"]

1. d4 Nf6 2. c4 e6 3. Nf3 d5 4. Nc3 Be7 5. cxd5 exd5 6. Bf4 c6 7. h3 O-O 8. e3 Qb6 9. Qb3 Qxb3 10. axb3 Bf5 11. g4 Bg6 12. Rc1 Nbd7 13. Nh4 Be4 14. Nxe4 Nxe4 15. Nf3 Bb4+ 16. Ke2 a5 17. Bg2 1/2-1/2

[Event "Fagernes GM Open Autumn 2024"]
[Site "Fagernes"]
[Date "2024.10.09"]
[Round "5.25"]
[White "Soham Datar"]
[Black "Hetland, Even"]
[Result "1/2-1/2"]
[ECO "A06"]
[WhiteElo "2188"]
[BlackElo "1970"]
[Annotator "RC"]
[PlyCount "181"]
[EventDate "2024.10.03"]
[EventType "swiss"]
[EventCountry "NOR"]
[SourceTitle "playchess.com"]
[Source "ChessBase"]
[SourceQuality "1"]
[TimeControl "40/6000:2400+30"]

1. Nf3 Nf6 2. e3 c5 3. b3 d5 4. Bb2 e6 5. Bb5+ Bd7 6. Be2 Nc6 7. c4 Be7 8. cxd5 exd5 9. O-O O-O 10. Nc3 b6 11. d4 Bg4 12. Rc1 Qd7 13. dxc5 bxc5 14. Na4 Ne4 15. Nd2 Bxe2 16. Qxe2 Nb4 17. a3 Nxd2 18. Qxd2 Na6 19. Qe2 Qe6 20. Qd3 Rfc8 21. Rfd1 c4 22. bxc4 dxc4 23. Qd7 Rab8 24. Qxe6 fxe6 25. Rd7 Bf6 26. Bxf6 gxf6 27. Rxa7 Nc5 28. Nxc5 Rxc5 29. Ra4 c3 30. Kf1 Rb2 31. Rb4 Kf7 32. Rxc3 Rxc3 33. Rxb2 Rxa3 34. Ke2 Ra4 35. Kf3 Rc4 36. Rb7+ Kg6 37. Re7 e5 38. Re8 Kf7 39. Rh8 Kg7 40. Ra8 Rb4 41. Kg3 Rc4 42. f3 Rc3 43. e4 Rc2 44. Ra1 Rb2 45. Rf1 Kg6 46. Rf2 Rb3 47. Kh4 Ra3 48. Kg4 Ra4 49. Kh3 Ra3 50. g4 Kg5 51. Kg3 h5 52. h4+ Kg6 53. Rb2 Ra1 54. g5 fxg5 55. Rb6+ Kf7 56. hxg5 Rg1+ 57. Kh3 Rxg5 58. Kh4 Rg1 59. Kxh5 Rg3 60. Rb3 Ke6 61. Kh4 Rg8 62. Rb6+ Ke7 63. Rh6 Kd7 64. Rh5 Ke6 65. Rg5 Rf8 66. Kg3 Rf4 67. Rg6+ Ke7 68. Rh6 Kd7 69. Kf2 Ke7 70. Ke3 Rf8 71. Ra6 Kd7 72. Kd3 Rxf3+ 73. Kc4 Rh3 74. Kd5 Rh5 75. Rg6 Ke7 76. Re6+ Kd7 77. Ra6 Ke7 78. Ra7+ Ke8 79. Rb7 Rg5 80. Rh7 Rg6 81. Kxe5 Ra6 82. Kf5 Rb6 83. e5 Ra6 84. Rb7 Rc6 85. Ke4 Ra6 86. Kd5 Rh6 87. e6 Rh1 88. Rb8+ Ke7 89. Rb7+ Ke8 90. Rb8+ Ke7 91. Rb7+ 1/2-1/2

[Event "Fagernes GM Open Autumn 2024"]
[Site "Fagernes"]
[Date "2024.10.09"]
[Round "5.26"]
[White "Advaitt Srikant Koduri"]
[Black "Juodziukynas, Aidas"]
[Result "1-0"]
[ECO "D02"]
[WhiteElo "2162"]
[BlackElo "1917"]
[Annotator "RC"]
[PlyCount "119"]
[EventDate "2024.10.03"]
[EventType "swiss"]
[EventCountry "NOR"]
[SourceTitle "playchess.com"]
[Source "ChessBase"]
[SourceQuality "1"]
[TimeControl "40/6000:2400+30"]

1. d4 Nf6 2. Nf3 d5 3. Bf4 c5 4. c3 Nc6 5. e3 Bg4 6. Qb3 Qb6 7. dxc5 Qxb3 8. axb3 Bxf3 9. gxf3 e5 10. Bg3 Bxc5 11. Bb5 Bd6 12. Bxc6+ bxc6 13. b4 O-O 14. Nd2 Rfe8 15. Ra6 Rec8 16. Ke2 Bb8 17. Nb3 Nd7 18. Rha1 f6 19. e4 Kf7 20. Na5 Nb6 21. Nb7 Nd7 22. R1a5 Bc7 23. Rxc6 dxe4 24. fxe4 Ke7 25. Ra1 Bb6 26. Rxc8 Rxc8 27. f3 Rc7 28. Na5 Nf8 29. Bf2 Ne6 30. Be3 g5 31. Nb3 h5 32. Nc5 Nxc5 33. bxc5 Bxc5 34. Bxc5+ Rxc5 35. Rxa7+ Ke6 36. Kd3 Rc6 37. b4 Rd6+ 38. Kc2 f5 39. Rh7 fxe4 40. fxe4 h4 41. b5 Rd8 42. Rh6+ Kf7 43. b6 Kg7 44. Re6 g4 45. Rxe5 Kg6 46. Rd5 Rxd5 47. exd5 g3 48. hxg3 h3 49. b7 h2 50. b8=Q h1=Q 51. Qd6+ Kg5 52. Qe5+ Kg6 53. d6 Qg2+ 54. Kd3 Qf3+ 55. Kd4 Qf2+ 56. Qe3 Qf6+ 57. Kd5 Qf5+ 58. Qe5 Qd3+ 59. Ke6 Qc4+ 60. Ke7 1-0

[Event "Fagernes GM Open Autumn 2024"]
[Site "Fagernes"]
[Date "2024.10.09"]
[Round "5.27"]
[White "Lien, Sebastian"]
[Black "Kanyamarala, Trisha"]
[Result "1/2-1/2"]
[ECO "D38"]
[WhiteElo "1911"]
[BlackElo "2160"]
[Annotator "RC"]
[PlyCount "90"]
[EventDate "2024.10.03"]
[EventType "swiss"]
[EventCountry "NOR"]
[SourceTitle "playchess.com"]
[Source "ChessBase"]
[SourceQuality "1"]
[TimeControl "40/6000:2400+30"]

1. d4 Nf6 2. c4 e6 3. Nf3 d5 4. Nc3 Bb4 5. cxd5 exd5 6. Bg5 h6 7. Bh4 O-O 8. e3 Bf5 9. Be2 Nbd7 10. Qb3 Qe7 11. a3 Bxc3+ 12. Qxc3 Rac8 13. O-O c5 14. dxc5 Rxc5 15. Qb4 b6 16. Nd4 Bh7 17. Nc6 Qe4 18. Qxe4 Nxe4 19. Rfc1 g5 20. Bg3 Kg7 21. Nxa7 Ra8 22. Rxc5 Ndxc5 23. Nb5 Nxg3 24. hxg3 Na4 25. Rd1 Nxb2 26. Rxd5 Rc8 27. Rd6 Rc1+ 28. Kh2 Na4 29. Rd4 Nc5 30. Rd1 Rc2 31. Re1 Nd3 32. Bxd3 Bxd3 33. Nd6 Rxf2 34. e4 Ra2 35. Nf5+ Kg6 36. Ne7+ Kg7 37. Nf5+ Kh7 38. Nd6 Kg6 39. Nc8 b5 40. Ne7+ Kg7 41. Nf5+ Kg6 42. Ne7+ Kh7 43. Re3 Bf1 44. Kg1 Bc4 45. Nf5 Ra1+ 1/2-1/2

[Event "Fagernes GM Open Autumn 2024"]
[Site "Fagernes"]
[Date "2024.10.09"]
[Round "5.28"]
[White "Bjorkan, Olav"]
[Black "Sorgjerd, Jan"]
[Result "1-0"]
[ECO "A65"]
[WhiteElo "2022"]
[BlackElo "1966"]
[Annotator "RC"]
[PlyCount "89"]
[EventDate "2024.10.03"]
[EventType "swiss"]
[EventCountry "NOR"]
[SourceTitle "playchess.com"]
[Source "ChessBase"]
[SourceQuality "1"]
[TimeControl "40/6000:2400+30"]

1. d4 Nf6 2. c4 e6 3. Nf3 c5 4. d5 exd5 5. cxd5 d6 6. Nc3 g6 7. e4 Bg7 8. h3 O-O 9. Bd3 a6 10. a4 Nbd7 11. O-O Re8 12. Bg5 Qc7 13. Nd2 Rb8 14. Rb1 b5 15. axb5 Ne5 16. Be2 c4 17. bxa6 Bxa6 18. Re1 Nfd7 19. Be3 Nc5 20. Bxc5 Qxc5 21. Qa4 Ra8 22. Rec1 Reb8 23. b4 Qd4 24. Nf3 Nxf3+ 25. Bxf3 Qd2 26. Qc2 Qf4 27. b5 Bc8 28. Ne2 Qf6 29. Qxc4 Bxh3 30. b6 Bc8 31. b7 Bxb7 32. Qc7 Rc8 33. Qxb7 Rxc1+ 34. Rxc1 Ra1 35. Qc8+ Bf8 36. Rxa1 Qxa1+ 37. Qc1 Qa7 38. g3 h5 39. Kg2 Kh7 40. Qf4 Qe7 41. Nd4 Bh6 42. Nc6 Bxf4 43. Nxe7 Bh6 44. Nc8 Bf8 45. e5 1-0

[Event "Fagernes GM Open Autumn 2024"]
[Site "Fagernes"]
[Date "2024.10.09"]
[Round "5.29"]
[White "Stromhaug, Kristoffer Wang"]
[Black "Simonsen, David Mindestrommen"]
[Result "1-0"]
[ECO "B90"]
[WhiteElo "1960"]
[BlackElo "1930"]
[Annotator "RC"]
[PlyCount "57"]
[EventDate "2024.10.03"]
[EventType "swiss"]
[EventCountry "NOR"]
[SourceTitle "playchess.com"]
[Source "ChessBase"]
[SourceQuality "1"]
[TimeControl "40/6000:2400+30"]

1. e4 c5 2. Nf3 d6 3. d4 cxd4 4. Nxd4 Nf6 5. Nc3 a6 6. h3 e5 7. Nb3 Be7 8. Be3 h6 9. g4 b5 10. Bg2 Qc7 11. Qd2 Nbd7 12. O-O Nb6 13. Na5 Be6 14. Nd5 Bxd5 15. exd5 Rc8 16. Bxb6 Qxb6 17. Nc6 Ng8 18. Kh1 Bg5 19. Qb4 Qc7 20. a4 h5 21. axb5 Qd7 22. b6 hxg4 23. b7 Rb8 24. Nxb8 Qf5 25. Nc6 Ne7 26. b8=Q+ Nc8 27. Qe4 Rxh3+ 28. Kg1 Bf4 29. Qxf5 1-0

[Event "Fagernes GM Open Autumn 2024"]
[Site "Fagernes"]
[Date "2024.10.10"]
[Round "6.1"]
[White "Stremavicius, Titas"]
[Black "Jumabayev, Rinat"]
[Result "1/2-1/2"]
[ECO "A07"]
[WhiteElo "2541"]
[BlackElo "2577"]
[Annotator "TA"]
[PlyCount "24"]
[EventDate "2024.10.03"]
[EventType "swiss"]
[EventCountry "NOR"]
[SourceTitle "playchess.com"]
[Source "ChessBase"]
[SourceQuality "1"]
[TimeControl "40/6000:2400+30"]

1. Nf3 d5 2. g3 b6 3. c4 dxc4 4. Na3 Bb7 5. Bg2 e6 6. Nxc4 Nd7 7. O-O Ngf6 8. d3 {[%emt 0:00:42] White is slightly better.} Be7 9. Bf4 O-O {[%emt 0:00:53] The position is equal.} 10. Qb3 a5 11. a4 Nd5 12. Bd2 Bb4 {[%emt 0:01:37] Weighted Error Value: White=0.08 (flawless) /Black=0.02 (flawless) .  OK:         	White=3     	Black=3} 1/2-1/2

[Event "Fagernes GM Open Autumn 2024"]
[Site "Fagernes"]
[Date "2024.10.10"]
[Round "6.2"]
[White "Willow, Jonah B"]
[Black "Raja Rithvik R"]
[Result "1-0"]
[ECO "C64"]
[WhiteElo "2420"]
[BlackElo "2514"]
[Annotator "TA"]
[PlyCount "79"]
[EventDate "2024.10.03"]
[EventType "swiss"]
[EventCountry "NOR"]
[SourceTitle "playchess.com"]
[Source "ChessBase"]
[SourceQuality "1"]
[TimeControl "40/6000:2400+30"]

1. e4 e5 2. Nf3 Nc6 3. Bb5 Bc5 4. c3 Nf6 5. d4 exd4 6. e5 Nd5 7. O-O Be7 8. cxd4 {[%emt 0:01:27] Threatens to win with Qb3. The position is equal.} d6 9. exd6 cxd6 10. Qb3 a6 11. Qxd5 (11. Bc4 Na5 12. Bb5+ axb5 $11) 11... axb5 12. Qxb5 Ra5 13. Qb3 {[%emt 0:02:04] White is more active.} Rh5 (13... Be6 $14 14. Qxb7 Qd7 15. Qxd7+ Kxd7) 14. d5 Na5 15. Qd3 {[%emt 0:04:24] Hoping for Nc3.} O-O (15... Bf5 $142 16. Qe2 O-O) 16. Nc3 $16 {[%emt 0:02:03] b4 would now be deadly.} Bf5 17. Qe2 Bf6 18. Be3 Re8 (18... Bxc3 $16 19. bxc3 Be4) 19. Rfe1 (19. Rac1 $18) 19... Qd7 $2 {[%emt 0:05:32] [#] This costs Black the game.} (19... Bxc3 $16 {keeps fighting.} 20. bxc3 h6) 20. Rac1 $1 $18 (20. Ne5 $2 Rxe5 21. Rac1 (21. Qxh5 $2 Bg4 $19) 21... Rh4 $19) 20... b6 21. Nb5 {[%emt 0:05:59] Black must now prevent b4.} (21. Ne5 $2 Rxe5 22. b4 (22. Qxh5 $2 Bg4 $19) 22... Nb7 $17 (22... Bg4 23. f3 $11)) 21... Bd8 22. b4 Nb7 23. Nfd4 Bg6 24. Nc3 {[%emt 0:03:24] Excellent horsemanship.} h6 25. a4 Bf6 26. Qb5 Qxb5 27. Ndxb5 Rh4 28. f4 (28. Bxb6 Ra8 $16) 28... Rxe3 (28... Bd8 {is a better defense.} 29. g3 Rh5) 29. Rxe3 Rxf4 30. Re8+ Kh7 31. Rb8 {[%emt 0:00:00] White is clearly winning.} Nd8 32. a5 (32. Nxd6 Bd4+ 33. Kh1 Bxc3 $16) 32... bxa5 33. bxa5 {[%emt 0:00:00] a6 is the strong threat.} (33. Nxd6 Bd4+ 34. Kh1 Bxc3 $15) 33... Bd3 34. a6 ({Less strong is} 34. Nxd6 Bxc3 35. Rxd8 Bxa5 $16) 34... Bg5 35. a7 Rf5 36. Ra1 (36. a8=B Bxc1 37. h3 Rf1+ 38. Kh2 Bg5 39. Nxd6 Rc1 $17 (39... Bf4+ $2 40. g3 $19)) 36... Be3+ 37. Kh1 Rf2 38. a8=Q Bf1 {[%emt 0:00:00] [#]} 39. Qa7 $3 Bxa7 40. Nxa7 {[%emt 0:00:00] Weighted Error Value: White=0.15 (very precise) /Black=0.33.  Mistake:       	White=1     	Black=5      Inaccurate:     	White=1     	Black=3      OK:         	White=15    	Black=11     Best:        	White=1     	Black=1      Strong:       	White=1     	---} 1-0